 Dungeon Sprint DCSS version 0.19-a0-1841-gf1e0166 (webtiles) character file.

32796 Groucho the Peltast (level 14, 0/128 HPs)
             Began as a Formicid Fighter on Oct 9, 2016.
             Was the Champion of Qazlal.
             Succumbed to a naga warrior's poison
             ... in the Dungeon (Sprint V: "Ziggurat Sprint").
             The game lasted 00:10:19 (3885 turns).

Groucho the Peltast (Formicid Fighter)              Turns: 3885, Time: 00:10:19

Health: 0/128      AC: 42    Str: 33    XL:     14   Next: 4%
Magic:  11/24      EV: 11    Int:  9    God:    Qazlal [******]
Gold:   0          SH: 43    Dex: 17    Spells: 0 memorised, 13 levels left

rFire  . . .     SeeInvis +     T - +8 glaive of the Guard {elec, +Rage AC+5 SInv}
rCold  . . .     Gourm    .     a - +15 Maxwell's patent armour {-Cast -Tele rElec MR+ rCorr}
rNeg   + . .     Faith    .     b - +18 shield of the Gong {rElec rN+ MR+ EV-5}
rPois  .         Spirit   .     (helmet unavailable)
rElec  +         Dismiss  .     (no cloak)
rCorr  +         Reflect  .     Q - +0 pair of gloves {Dex+3}
MR     +++..     Harm     .     (no boots)
Stlth  .......... NoCast   +    (no amulet)
                                L - +6 ring of strength
                                K - +6 ring of strength

@: lethally poisoned (0 -> -43), protected from physical damage, studying
Stealth, repel missiles
A: permanent stasis, dig shafts and tunnels, four strong arms, antennae 3
a: Dig, Upheaval, Elemental Force, Disaster Area, Renounce Religion


You were in the Dungeon.
You worshipped Qazlal.
Qazlal was exalted by your worship.
You were not hungry.

You visited 1 branch

Inventory:

Hand Weapons
 c - the +8 lance "Wyrmbane" {slay drac, rPois rF+ rC+ AC+3}
   (You found it in the Dungeon)

   It affects your AC (+3).
   It protects you from fire.
   It protects you from cold.
   It protects you from poison.
 l - the cursed +13 scythe of Curses {drain, *Curse}
   (You found it in the Dungeon)

   A truly terrible weapon, it drains the life of those it strikes.
   It may re-curse itself when equipped.
   It has a curse placed upon it.
 m - a +9 bardiche of electrocution
 n - a +5 demon trident
 T - the +8 glaive of the Guard (weapon) {elec, +Rage AC+5 SInv}
   (You found it in the Dungeon)

   Occasionally, upon striking a foe, it will discharge some electrical energy
   and cause terrible harm.
   It affects your AC (+5).
   It lets you see invisible.
   It lets you go berserk.
Armour
 a - the +15 Maxwell's patent armour (worn) {-Cast -Tele rElec MR+ rCorr}
   (You found it in the Dungeon)

   It insulates you from electricity.
   It affects your resistance to hostile enchantments.
   It prevents spellcasting.
   It prevents most forms of teleportation.
   It protects you from acid and corrosion.
 b - the +18 shield of the Gong (worn) {rElec rN+ MR+ EV-5}
   (You found it in the Dungeon)

   It affects your evasion (-5).
   It insulates you from electricity.
   It protects you from negative energy.
   It affects your resistance to hostile enchantments.
 Q - a +0 pair of gloves of dexterity (worn)
Rods
 N - a +4 rod of inaccuracy (10/10)
   (You took it off an orc priest in the Dungeon)
Jewellery
 G - a +6 ring of dexterity
 H - a +6 ring of dexterity
 I - a +6 ring of intelligence
 J - a +6 ring of intelligence
 K - a +6 ring of strength (left hand)
 L - a +6 ring of strength (right hand)
 M - an uncursed ring of positive energy
 S - a +1 ring of evasion
 U - an uncursed ring of positive energy
Wands
 y - a wand of disintegration (7/24)
 D - a wand of iceblast (5/15)
 E - a wand of lightning (5/15)
 F - a wand of acid (5/15)
Scrolls
 k - 4 scrolls of blinking
 q - 4 scrolls of amnesia
 r - 3 scrolls of recharging
 s - 7 scrolls of fog
 t - a scroll of holy word
 u - 5 scrolls of identify
 v - 5 scrolls of remove curse
 w - 2 scrolls of fear
 O - 4 scrolls of enchant armour
Potions
 d - 6 potions of might
 e - 6 potions of curing
 g - 2 potions of heal wounds
 h - 6 potions of haste
 i - 7 potions of magic
 j - 3 potions of berserk rage
 x - 2 potions of brilliance
 z - 2 potions of invisibility
 A - 4 potions of resistance
 B - a potion of experience
 C - 7 potions of agility
Books
 P - a manual of Stealth
Comestibles
 f - 5 bread rations
 o - 42 fruits
 p - 2 meat rations
 R - 3 royal jellies


   Skills:
 * Level 17.2 Fighting
 * Level 16.0 Polearms
 * Level 17.3 Armour
 + Level 10.7 Dodging
 * Level 18.7 Shields
 + Level 13.5 Invocations


You had 13 spell levels left.
You didn't know any spells.

Dungeon Overview and Level Annotations

Branches:
Dungeon (1/1)

Altars:
Ashenzari
Cheibriados
Dithmenos
Elyvilon
Fedhas
Gozag
Hepliaklqana
Kikubaaqudgha
Makhleb
Nemelex Xobeh
Okawaru
Qazlal
Ru
Sif Muna
Trog
Uskayaw
Vehumet
Xom
Yredelemnul
Zin
The Shining One
Beogh
Jiyva
Lugonu


Innate Abilities, Weirdness & Mutations

You are under a permanent stasis effect.
You can dig through walls and to a lower floor.
Your four strong arms can wield two-handed weapons with a shield.
You have a pair of large antennae on your head. (SInv)


Message History

You feel very sick.
The naga warrior looks more healthy.
The guardian serpent is engulfed in roaring flames.
The guardian serpent coils itself and waves its upper body at you.
The bolt of poison misses you. The nagaraja spits poison at you.
You block the splash of poison.
BONNNG!
The nagaraja constricts you.
You block the guardian serpent's attack.
GONNNNG!
The guardian serpent is engulfed in roaring flames.
You kill the guardian serpent!
Qazlal accepts your kill.
You slice the nagaraja!!
You kill the nagaraja!
Qazlal accepts your kill.
Your Polearms skill increases to level 16!
You have reached level 14!
You die...

▓.8©8.▓.8©
▓...[:|)):..▓▓.:...▓.|:
▓...)[}.:?..▓▓.....▓...
▓...........▓▓.))).▓...
▓.........≈.▓▓.....▓...
▓...........▓▓.....▓†.†
.....§.§... ▓.....▓...
▓.S†).▓ ▓▓▓▓▓▓▓▓▓▓▓
▓▓†@)▓▓ ▓..8©8...▓.
▓..▓§§)N.▓..▓..=)[...▓.
▓...........▓...=....▓.
▓▓▓▓▓▓▓▓▓▓▓▓▓........▓.
▓....8©8....▓........▓.
▓..=|}}))=..▓.▓....▓.▓.
▓...[}})|[..▓........▓.
▓...........▓▓▓▓▓▓▓▓▓▓▓
▓...........▓...8©8...▓


You could see a naga warrior and a guardian serpent.

Vanquished Creatures
  An acid blob (D)
  A deep elf master archer (D)
  A deep elf blademaster (D)
  A nagaraja (D)
  3 frost giants (D)
  A deep elf sorcerer (D)
  A reaper (D)
  2 deep elf annihilators (D)
  3 blizzard demons (D)
  A great orb of eyes (D)
  A naga warrior (D)
  An ice dragon (D)
  A dancing weapon (D)
  A deep elf archer (D)
  10 deep elf magi (D)
  2 cyclopes (D)
  4 guardian serpents (D)
  A freezing wraith (D)
  7 merfolk (D)
  2 hornets (D)
  4 slime creatures (D)
  2 flying skulls (D)
  4 spriggans (D)
  2 tarantellas (D)
  A golden eye (D)
  A water moccasin (D)
  A black bear (D)
  A necrophage (D)
  2 ice beasts (D)
  An eye of draining (D)
  5 orc warriors (D)
  A wolf (D)
  4 centaurs (D)
  A scorpion (D)
  A wight (D)
  A quasit (D)
  3 orc priests (D)
  4 jellies (D)
  3 orc wizards (D)
  A mummy (D)
  A shadow imp (D)
  2 white imps (D)
  An ufetubus (D)
  4 oozes (D)
  2 adder skeletons (D)
  An adder simulacrum (D)
  3 orcs (D)
  3 ball pythons (D)
  A ball python skeleton (D)
  A giant cockroach zombie (D)
  A jackal simulacrum (D)
  A jackal zombie (D)
  A leopard gecko simulacrum (D)
  A leopard gecko skeleton (D)
111 creatures vanquished.

Vanquished Creatures (others)
  A naga mage (D)
  An adder (D)
2 creatures vanquished.

Grand Total: 113 creatures vanquished

Notes
Turn   | Place    | Note
-------+----------+-------------------------------------------
     0 | D        | Groucho the Formicid Fighter began the quest for the Orb.
     0 | D        | Reached XP level 1. HP: 18/18 MP: 1/1
    13 | D        | Found a deep blue altar of Sif Muna.
    13 | D        | Found a bloodstained altar of Trog.
    13 | D        | Found a sacrificial altar of Ru.
    13 | D        | Found a stormy altar of Qazlal.
    13 | D        | Found an iron altar of Okawaru.
    16 | D        | Found a sparkling altar of Nemelex Xobeh.
    17 | D        | Found an ancient bone altar of Kikubaaqudgha.
    17 | D        | Found a corrupted altar of Lugonu.
    17 | D        | Found a burning altar of Makhleb.
    17 | D        | Found a viscous altar of Jiyva.
    17 | D        | Found a hazy altar of Hepliaklqana.
    34 | D        | Found an opulent altar of Gozag.
    35 | D        | Found a blossoming altar of Fedhas.
   121 | D        | Became a worshipper of Qazlal Stormbringer
   133 | D        | Entered arena 1.
   133 | D        | Noticed an ice beast
   139 | D        | Killed an ice beast
   139 | D        | Reached skill level 5 in Fighting
   139 | D        | Reached skill level 5 in Armour
   139 | D        | Reached skill level 5 in Shields
   139 | D        | Reached XP level 2. HP: 27/27 MP: 1/4
   139 | D        | Reached XP level 3. HP: 33/33 MP: 1/5
   139 | D        | Reached XP level 4. HP: 39/39 MP: 1/6
   584 | D        | Entered arena 2.
   584 | D        | Noticed a tarantella
   584 | D        | Noticed a tarantella
   599 | D        | Killed a tarantella
   599 | D        | Reached * piety under Qazlal
   599 | D        | Reached skill level 5 in Polearms
   599 | D        | Reached skill level 7 in Shields
   599 | D        | Reached XP level 5. HP: 47/47 MP: 6/8
   599 | D        | Reached XP level 6. HP: 53/53 MP: 6/9
   603 | D        | Killed a tarantella
   603 | D        | Reached skill level 8 in Shields
   603 | D        | Reached skill level 5 in Invocations
   603 | D        | Reached XP level 7. HP: 55/61 MP: 6/10
   743 | D        | Entered arena 3.
   743 | D        | Noticed a merfolk
   743 | D        | Noticed a merfolk
   743 | D        | Noticed a merfolk
   743 | D        | Noticed a merfolk
   754 | D        | Killed a merfolk
   754 | D        | Reached ** piety under Qazlal
   754 | D        | Reached skill level 9 in Shields
   763 | D        | Killed a merfolk
   763 | D        | Reached XP level 8. HP: 66/71 MP: 10/12
   768 | D        | Killed a merfolk
   768 | D        | Reached skill level 10 in Shields
   775 | D        | Killed a merfolk
   775 | D        | Reached skill level 5 in Dodging
   940 | D        | Entered arena 4.
   944 | D        | Reached *** piety under Qazlal
   959 | D        | Entered arena 5.
   959 | D        | Noticed a deep elf mage
   959 | D        | Noticed a deep elf mage
   959 | D        | Noticed a deep elf mage
   959 | D        | Noticed a deep elf archer
   959 | D        | Noticed a deep elf mage
   960 | D        | Noticed a fire elemental
   967 | D        | Noticed a fire elemental
   981 | D        | Killed a deep elf mage
   981 | D        | Reached **** piety under Qazlal
   981 | D        | Reached skill level 10 in Fighting
   981 | D        | Reached skill level 10 in Armour
   981 | D        | Reached skill level 11 in Shields
   981 | D        | Reached XP level 9. HP: 41/78 MP: 14/14
   990 | D        | Killed a deep elf mage
   994 | D        | Killed a deep elf archer
   994 | D        | Reached skill level 10 in Polearms
  1000 | D        | Killed a deep elf mage
  1000 | D        | Reached skill level 12 in Shields
  1000 | D        | Reached XP level 10. HP: 33/88 MP: 14/16
  1006 | D        | Killed a deep elf mage
  1006 | D        | Reached ***** piety under Qazlal
  1305 | D        | Entered arena 6.
  1305 | D        | Noticed a spriggan rider
  1305 | D        | Noticed a spriggan rider
  1328 | D        | Reached skill level 13 in Shields
  1332 | D        | Killed a spriggan rider
  1341 | D        | Got the ring of Qegieprum {rElec rF+ MP-9 Str+6 Stlth+}
  1393 | D        | Entered arena 7.
  1404 | D        | Reached ****** piety under Qazlal
  1605 | D        | Entered arena 8.
  1615 | D        | Reached XP level 11. HP: 95/96 MP: 8/18
  1908 | D        | Entered arena 9.
  2053 | D        | Entered arena 10.
  2053 | D        | Noticed a cyclops
  2053 | D        | Noticed a cyclops
  2074 | D        | Killed a cyclops
  2074 | D        | Reached skill level 14 in Shields
  2074 | D        | Reached skill level 10 in Invocations
  2079 | D        | Killed a cyclops
  2274 | D        | Entered arena 11.
  2275 | D        | Noticed an acid blob
  2275 | D        | Noticed a great orb of eyes
  2314 | D        | Killed a great orb of eyes
  2328 | D        | Killed an acid blob
  2328 | D        | Reached skill level 15 in Shields
  2328 | D        | Reached XP level 12. HP: 21/107 MP: 18/20
  2859 | D        | Entered arena 12.
  2859 | D        | Noticed a blizzard demon
  2859 | D        | Noticed an ice dragon
  2859 | D        | Noticed a frost giant
  2859 | D        | Noticed a frost giant
  2860 | D        | Noticed a blizzard demon
  2860 | D        | Noticed a blizzard demon
  2860 | D        | Noticed a frost giant
  2861 | D        | Killed a blizzard demon
  2862 | D        | Killed a blizzard demon
  2862 | D        | Killed an ice dragon
  2866 | D        | Killed a frost giant
  2866 | D        | Reached skill level 16 in Shields
  2871 | D        | Killed a frost giant
  2871 | D        | Reached skill level 15 in Fighting
  2871 | D        | Reached skill level 15 in Armour
  2878 | D        | Killed a blizzard demon
  2893 | D        | Killed a frost giant
  3239 | D        | Entered arena 13.
  3240 | D        | Noticed a deep elf annihilator
  3240 | D        | Noticed a deep elf master archer
  3240 | D        | Noticed a deep elf blademaster
  3241 | D        | Noticed a deep elf sorcerer
  3242 | D        | Noticed a deep elf annihilator
  3254 | D        | Killed a deep elf master archer
  3254 | D        | Reached skill level 17 in Shields
  3254 | D        | Reached XP level 13. HP: 111/117 MP: 22/22
  3260 | D        | Killed a deep elf annihilator
  3261 | D        | Killed a deep elf sorcerer
  3261 | D        | Reached skill level 10 in Dodging
  3261 | D        | Reached skill level 15 in Polearms
  3262 | D        | Killed a deep elf blademaster
  3267 | D        | Killed a deep elf annihilator
  3267 | D        | Reached skill level 18 in Shields
  3576 | D        | Entered arena 14.
  3577 | D        | Noticed a reaper
  3620 | D        | Killed a reaper
  3854 | D        | Entered arena 15.
  3855 | D        | Noticed a naga warrior
  3855 | D        | Noticed a nagaraja
  3856 | D        | Noticed a naga warrior
  3867 | D        | Killed a naga warrior
  3883 | D        | HP: 6/120 [poisoned by a naga warrior]
  3885 | D        | Killed a nagaraja
  3885 | D        | Reached XP level 14. HP: 3/128 MP: 11/24
  3885 | D        | Succumbed to a naga warrior's poison

Vault maps used:
D:        sprint_v

Skill      XL: |  1  2  3  4  5  6  7  8  9 10 11 12 13 |
---------------+----------------------------------------+-----
Fighting       | 5 6 7 9 10 11 12 14 15 17 | 17.2
Polearms       | 4 5 6 8 9 10 11 13 14 16 | 16.0
Armour         | 5 6 7 9 10 11 12 14 15 17 | 17.3
Dodging        | 2 3 4 5 6 7 8 9 10 | 10.7
Shields        | 5 7 8 9 11 12 13 15 17 18 | 18.7
Invocations    | 3 4 5 6 7 8 9 11 12 13 | 13.5

Action                   |  1- 3 |  4- 6 |  7- 9 | 10-12 | 13-15 || total
-------------------------+-------+-------+-------+-------+-------++-------
Melee: Lance             |     6 |    14 |    77 |   193 |    27 ||   317
       Glaive            |       |       |       |       |    65 ||    65
Invok: Disaster Area     |       |       |       |     3 |     5 ||     8
  Use: Potion            |       |     3 |     2 |     3 |     4 ||    12
       Scroll            |       |       |       |     6 |       ||     6
  Eat: Meat ration       |       |       |       |     2 |       ||     2
Armor: Plate armour      |     4 |    22 |    27 |    22 |    62 ||   137
Dodge: Dodged            |       |     5 |     9 |    12 |    29 ||    55
       Deflected         |       |       |       |     4 |     1 ||     5
Block: Shield            |     7 |    19 |   120 |   176 |   211 ||   533
